 Dungeon Sprint DCSS version 0.30-a0-737-gf23d94013f (webtiles) character file.

Game seed: 1932820026971759526

2940 sircluck the Grappler (level 9, -7/100 HPs)
             Began as a Troll Fighter on Feb 2, 2023.
             Mangled by a hornet (9 damage)
             ... in the Dungeon (Sprint I: "Red Sonja").
             The game lasted 00:03:52 (672 turns).

sircluck the Grappler (Troll Fighter)                Turns: 672, Time: 00:03:52

Health: -7/100     AC:  4    Str: 30    XL:     9   Next: 51%
Magic:  8/8        EV: 11    Int:  4    God:
Gold:   513        SH: 10    Dex:  9    Spells: 5/8 levels left

rFire   . . .      SeeInvis .      - Unarmed
rCold   . . .      Faith    .    b - +0 kite shield
rNeg    . . .      Spirit   .    a - +0 robe
rPois   .          Reflect  .    (helmet restricted)
rElec   .          Harm     .    (no cloak)
rCorr   .          Rampage  .    (gloves unavailable)
Will    .....      NoTele   +    (boots unavailable)
Stlth   +                        (no amulet)
HPRegen 1.16/turn                (no ring)
MPRegen 0.11/turn                (no ring)

@: slowed, very slow
A: large, unfitting armour, claws 3, regeneration 1, shaggy fur 1, tough skin 1
a: no special abilities


You were in the Dungeon.
You visited 1 branch You collected 513 gold pieces.

Inventory:

Hand Weapons
 j - a +2 dagger of draining
Missiles
 k - 5 curare-tipped darts (quivered)
Armour
 a - a +0 robe (worn)
 b - a +0 kite shield (worn)
Scrolls
 i - a scroll of blinking
Potions
 c - a potion of might
 f - a potion of haste
 g - 2 potions of magic
 h - a potion of berserk rage


   Skills:
 + Level 9.4 Fighting
 + Level 10.3 Dodging
 + Level 9.6 Shields
 + Level 12.3 Unarmed Combat


You had 5 spell levels left.
You knew the following spells:

 Your Spells              Type           Power      Damage    Failure   Level
a - Summon Guardian Gole  Hex/Summ       0%         N/A       97%         3

Your spell library contained the following spells:

 Spells                   Type           Power      Damage    Failure   Level
 Orb of Destruction       Conj           0%         9d5       100%        7
 Spellforged Servitor     Conj/Summ      0%         N/A       100%        7


Dungeon Overview and Level Annotations

Branches:
Dungeon (1/1)

Altars:
Cheibriados
Dithmenos
Elyvilon
Fedhas
Gozag
Hepliaklqana
Kikubaaqudgha
Makhleb
Nemelex Xobeh
Okawaru
Qazlal
Ru
Sif Muna
Trog
Uskayaw
Vehumet
Wu Jian
Xom
Yredelemnul
Zin
The Shining One
Jiyva
Lugonu

Shops:
D (


Innate Abilities, Weirdness & Mutations

You are too large for most types of armour.
You have claws for hands.
Your natural rate of healing is unusually fast.
You are covered in fur. (AC +1)
You have tough skin. (AC +1)


Message History

You feel very sick. The hornet stings you!
You suddenly lose the ability to move!
You feel sick. The hornet stings you.
You are more poisoned.
You feel as though you will be slow longer.
The hornet stings you!
* * * LOW HITPOINT WARNING * * *
You feel as though you will be slow longer.
You feel very sick. The hornet stings you.
* * * LOW HITPOINT WARNING * * *
You feel as though you will be slow longer.
You can move again.
You miss the hornet.
The hornet is severely wounded.
You feel very sick. The hornet barely misses you. The hornet stings you!
* * * LOW HITPOINT WARNING * * *
You feel as though you will be slow longer.
You feel much better.
You feel very sick. You block the hornet's attack. x2
You closely miss the hornet.
The hornet is severely wounded.
You feel sick.
The hornet stings you but does no damage.
The hornet stings you!
* * * LOW HITPOINT WARNING * * *
You feel as though you will be slow longer.
The hornet stings you!
* * * LOW HITPOINT WARNING * * *
You feel as though you will be slow longer.
You closely miss the hornet.
The hornet is severely wounded.
You feel sick. The hornet barely misses you. x2
You feel better. The hornet stings you!
* * * LOW HITPOINT WARNING * * *
You feel as though you will be slow longer.
The hornet stings you!
You die...

#####################
.)..#.)'..#__#..')..#
.#..'..#..'..'..#)..#
###'#####'#__####...+
##..#...#.####).#####
_####..##.#§§§§§#$§#
____##'#_.'§~§§§@y.#
.∩...†..._#§§§§§#$§#
..__##_.#'##+#####+#
____###'#)#
#######.### +...+
#...# ##.## #+#


You could see a hornet.

Vanquished Creatures
  2 centaur warriors (D)
  Sonja (D)
  2 kobold demonologists (D)
  A slime creature (D)
  A yak (D)
  Sigmund (D)
  2 nameless horrors (D)
  A floating eye (D)
  An ogre (D)
  A jelly (D)
  Ijyb (D)
14 creatures vanquished.

Notes
Turn   | Place    | Note
-------+----------+-------------------------------------------
     0 | D        | sircluck the Troll Fighter began the quest for the Orb.
     0 | D        | Reached XP level 1. HP: 22/22 MP: 0/0
     1 | D        | Noticed Ijyb
    39 | D        | Killed Ijyb
    40 | D        | Reached XP level 2. HP: 28/31 MP: 1/1
    50 | D        | Noticed an ogre
    56 | D        | Killed an ogre
    57 | D        | Reached skill level 5 in Shields
    57 | D        | Reached skill level 3 in Unarmed Combat
    57 | D        | Reached XP level 3. HP: 41/41 MP: 2/2
    57 | D        | Reached XP level 4. HP: 49/49 MP: 3/3
    68 | D        | Noticed Sigmund
    76 | D        | Killed Sigmund
    77 | D        | Reached skill level 5 in Unarmed Combat
    77 | D        | Reached XP level 5. HP: 59/59 MP: 4/4
    89 | D        | Found an ornate altar of the Wu Jian Council.
    89 | D        | Found a shimmering blue altar of Sif Muna.
    91 | D        | Found a radiant altar of Vehumet.
    95 | D        | Reached XP level 6. HP: 66/67 MP: 5/5
   106 | D        | Found a burning altar of Makhleb.
   106 | D        | Found a viscous altar of Jiyva.
   106 | D        | Found a shimmering altar of Xom.
   106 | D        | Found a corrupted altar of Lugonu.
   106 | D        | Noticed a slime creature
   118 | D        | Killed a slime creature
   119 | D        | Reached skill level 6 in Unarmed Combat
   160 | D        | Noticed a kobold demonologist
   160 | D        | Noticed a floating eye
   164 | D        | Killed a floating eye
   165 | D        | Reached skill level 7 in Unarmed Combat
   165 | D        | Reached XP level 7. HP: 78/78 MP: 6/6
   165 | D        | Noticed a hellwing
   165 | D        | Noticed a kobold demonologist
   167 | D        | Noticed a ynoxinul
   168 | D        | Killed a kobold demonologist
   169 | D        | Reached skill level 8 in Unarmed Combat
   174 | D        | Killed a kobold demonologist
   175 | D        | Reached XP level 8. HP: 84/88 MP: 7/7
   211 | D        | Found Moef's Antique Weapon Emporium.
   211 | D        | Found an ancient bone altar of Kikubaaqudgha.
   211 | D        | Found a hazy altar of Hepliaklqana.
   211 | D        | Found a stormy altar of Qazlal.
   211 | D        | Found a hide-covered altar of Uskayaw.
   211 | D        | Found a blossoming altar of Fedhas.
   211 | D        | Found a bloodstained altar of Trog.
   211 | D        | Found an iron altar of Okawaru.
   211 | D        | Found a basalt altar of Yredelemnul.
   211 | D        | Found a glowing golden altar of the Shining One.
   211 | D        | Found a snail-covered altar of Cheibriados.
   211 | D        | Found a sacrificial altar of Ru.
   211 | D        | Found a glowing silver altar of Zin.
   211 | D        | Found a shadowy altar of Dithmenos.
   211 | D        | Found a white marble altar of Elyvilon.
   223 | D        | Reached skill level 9 in Unarmed Combat
   224 | D        | Found an opulent altar of Gozag.
   243 | D        | Noticed Sonja
   247 | D        | Killed Sonja
   248 | D        | Reached skill level 10 in Unarmed Combat
   302 | D        | Found a sparkling altar of Nemelex Xobeh.
   337 | D        | Noticed a centaur warrior
   337 | D        | Noticed a centaur warrior
   344 | D        | Killed a centaur warrior
   345 | D        | Reached skill level 11 in Unarmed Combat
   345 | D        | Reached XP level 9. HP: 56/98 MP: 8/8
   350 | D        | Killed a centaur warrior
   351 | D        | Reached skill level 10 in Dodging
   351 | D        | Reached skill level 12 in Unarmed Combat
   415 | D        | Learned a level 3 spell: Summon Guardian Golem
   418 | D        | Noticed a nameless horror
   425 | D        | Killed a nameless horror
   665 | D        | Paralysed by a hornet for 3 turns
   670 | D        | HP: 3/100 [hornet (13)]
   672 | D        | Mangled by a hornet

Illustrated notes

Levels and vault maps discovered:
D:        dungeon_sprint_1 [red_sonja_temple_1, red_sonja_temple_small_1]

Skill      XL: |  1  2  3  4  5  6  7  8  9 |
---------------+----------------------------+-----
Fighting       | 3 4 6 7 8 9 |  9.4
Dodging        | 3 4 6 7 8 9 10 | 10.3
Shields        | 3 5 6 7 8 9 |  9.6
Unarmed Combat | 3 5 7 8 11 12 | 12.3

Action                     |  1- 3 |  4- 6 |  7- 9 || total
---------------------------+-------+-------+-------++-------
  Melee: Unarmed           |    23 |    21 |    45 ||    89
    Use: Scroll            |       |     1 |     1 ||     2
         Potion            |       |       |     2 ||     2
 Armour: Robe              |     5 |     1 |    20 ||    26
  Dodge: Dodged            |    16 |     7 |    29 ||    52
  Block: Kite shield       |     1 |     5 |    28 ||    34

Table legend: (Time is in decaauts)
 A = Elapsed time spent in this place.
 B = Non-inter-level travel time spent in this place.
 C = Inter-level travel time spent in this place.
 D = Time resting spent in this place.
 E = Time spent auto-exploring this place.
 F = Levels seen in this place.
 G = Mean time per level.
                   A        B        C        D        E       F      G
               +--------+--------+--------+--------+--------+-----+--------+
         Total |    687 |    687 |      0 |    314 |     25 |   1 |  687.0 |
       Dungeon |    687 |    687 |      0 |    314 |     25 |   1 |  687.0 |
               +--------+--------+--------+--------+--------+-----+--------+

Top non-repeatable levels by time:
       D: 687 daAuts
